 Dungeon Crawl Stone Soup version 0.29.1-15-g9cfb28693d (webtiles) character file.

Game seed: 16307597115262411586

9 leafyfresh the Sneak (level 2, -7/21 HPs)
             Began as an Octopode Delver on Mar 10, 2023.
             Mangled by Edmund
             ... wielding a +2 flail of protection
              (11 damage)
             ... on level 4 of the Dungeon.
             The game lasted 00:00:14 (52 turns).

leafyfresh the Sneak (Octopode Delver)                Turns: 52, Time: 00:00:14

Health: -7/21      AC:  1    Str: 11    XL:     2   Next: 16%
Magic:  2/2        EV: 13    Int: 12    God:
Gold:   0          SH:  0    Dex: 13    Spells: 1/1 levels left

rFire   . . .      SeeInvis .   a - +0 short sword
rCold   . . .      Faith    .   (no shield)
rNeg    . . .      Spirit   .   (helmet restricted)
rPois   .          Reflect  .   (no amulet)
rElec   .          Harm     .   (no ring)
rCorr   .          Rampage  .   (no ring)
Will    .....                   (no ring)
Stlth   ++++......              (no ring)
HPRegen 0.07/turn               (no ring)
MPRegen 0.08/turn               (no ring)
                                (no ring)
                                (no ring)

@: no status effects
A: almost no armour, amphibious, 8 rings, camouflage 1, gelatinous body 1,
(nimble swimmer 1), tentacles
a: no special abilities


You were on level 4 of the Dungeon.
You visited 1 branch of the dungeon, and saw 2 of its levels.

Inventory:

Hand Weapons
 a - a +0 short sword (weapon)
Wands
 f - a wand of digging (3)
Scrolls
 b - a scroll of fog
 c - a scroll of magic mapping
 d - a scroll of fear
Potions
 e - a potion of haste


   Skills:
 + Level 3.2 Fighting
 - Level 2.0 Short Blades
 + Level 2.2 Dodging
 + Level 6.8 Stealth


You had one spell level left.
You didn't know any spells.
Your spell library was empty.

Dungeon Overview and Level Annotations

Branches:
Dungeon (5/15)
 Temple: D:4-7

Altars:

Annotations:
D:4 Edmund


Innate Abilities, Weirdness & Mutations

You cannot wear most types of armour.
You are amphibious.
You can wear up to eight rings at the same time.
Your skin changes colour to match your surroundings (Stealth+).
Your rubbery body absorbs attacks. (AC +1, EV +1)
((You are camouflaged when in or above water. (Stealth+)))
You have tentacles for arms and can constrict up to eight enemies at once.


Message History

Edmund is lightly wounded.
Edmund barely misses you.
You hit Edmund but do no damage.
Edmund is lightly wounded.
Edmund hits you but does no damage.
You closely miss Edmund.
Edmund is lightly wounded.
Edmund hits you with a +2 flail of protection.
You hit Edmund but do no damage.
Edmund is lightly wounded.
Edmund hits you with a +2 flail of protection.
You hit Edmund.
Edmund is lightly wounded.
Edmund hits you but does no damage.
You hit Edmund but do no damage.
Edmund is lightly wounded.
Edmund hits you but does no damage.
You barely miss Edmund.
Edmund is lightly wounded.
Edmund hits you but does no damage.
You closely miss Edmund.
Edmund is lightly wounded.
Edmund gestures with his flail.
Edmund hits you but does no damage.
You closely miss Edmund.
Edmund is lightly wounded.
You feel less wooden. Edmund barely misses you.
You hit Edmund but do no damage. Your grab misses Edmund.
Edmund is lightly wounded.
Edmund hits you with a +2 flail of protection.
* * * LOW HITPOINT WARNING * * *
You hit Edmund but do no damage. Your grab misses Edmund.
Edmund is lightly wounded.
Edmund closely misses you.
You closely miss Edmund. Your grab misses Edmund.
Edmund is lightly wounded.
Edmund hits you with a +2 flail of protection!
Ouch! That really hurt!
You die...

######## .#
#!.....#
...#......#
##.......)#
.......><.#
####...@..#
#..@...#
#......#
########


You could see Edmund.

Vanquished Creatures
  An adder (D:5)
  A kobold (D:4)
2 creatures vanquished.

Notes
Turn   | Place    | Note
-------+----------+-------------------------------------------
     0 | D:5      | leafyfresh the Octopode Delver began the quest for the Orb.
     0 | D:5      | Reached XP level 1. HP: 16/16 MP: 1/1
    22 | D:5      | Reached XP level 2. HP: 21/21 MP: 2/2
    26 | D:4      | Noticed Edmund
    52 | D:4      | Mangled by Edmund

Illustrated notes

Levels and vault maps discovered:
D:4:      layout_rooms, uniq_sigmund, uniq_blork_the_orc, uniq_edmund
D:5:      layout_cave_pods, mainiacjoe_overflow_cross_hatched, serial_shops,
          nicolae_shop_advertising_works [nicolae_subvault_shop_adworks],
          nicolae_shop_crystal, uniq_menkaure

Action                   || total
-------------------------++-------
Melee: Short sword       ||    27
       Constrict         ||     2
       Tentacles         ||     2
 Stab: Sleeping          ||     1
Armor: Skin              ||    12
Dodge: Dodged            ||     8
